Zazza, neutral female human Tourist --------- -------------- ------- ##........| |............| |.....-########################|.......| ##-............| |....>| ####........| # -|------------ |.....+ -.-----.- ### ## |.....| #h############### # |.....+ @ ### # ### ---.--- -------------- #### #############%## ## |............| -.-|---- ### -|---------- # |............| |..f...| # |.........>| ### |............|# |.......##### |..........| # |...........<|# |.{....| |..........| ### |.............# |......| ------------ # --------------# -------- #################### Zazza the Rambler Experience level: 1 Strength: 10 Dexterity: 12 Constitution: 14 Intelligence: 17 Wisdom: 8 Charisma: 18 Health: 0(12) Energy: 3(3) Def: 0 Gold: 1048 Moves: 1447 Dungeon seed: 9o6uJeswx6OqVNhP Game ID: Zazza_1619556439 Your Inventory: Coins $ - 1048 gold pieces Weapons a - 36 +2 darts (in quiver) r - 2 +0 orcish daggers H - a cursed +0 orcish dagger I - a blessed +1 orcish dagger Armor e - an uncursed +0 Hawaiian shirt (being worn) y - a blessed +1 orcish helm N - an uncursed +0 orcish helm Comestibles b - an uncursed lembas wafer c - 6 uncursed food rations d - an uncursed egg f - 2 uncursed slime molds g - an uncursed cram ration w - an uncursed apple A - 5 uncursed food rations B - an uncursed fortune cookie D - 2 uncursed candy bars Scrolls m - 2 blessed scrolls of magic mapping n - an uncursed scroll of magic mapping Spellbooks s - an uncursed spellbook of haste self Potions k - a blessed potion of extra healing l - an uncursed potion of extra healing u - an uncursed potion of see invisible v - an uncursed potion of sickness C - an uncursed potion of water F - an uncursed potion of water G - an uncursed potion of fruit juice Tools o - an expensive camera (0:42) p - an uncursed credit card q - an uncursed tin opener t - an uncursed towel Gems z - an uncursed worthless piece of black glass Spells and supernatural/magical abilities: Name Level Category Fail Memory W - pray for help -- divine ? -- Your skills at the end: Fighting Skills Weapon Skills dart [Basic] Spellcasting Skills Final Attributes: You were stridently aligned. You were lucky. You are dead. Vanquished creatures: a gnome zombie 5 jackals 2 foxes a kobold 4 goblins 2 sewer rats 5 grid bugs 3 lichens a kobold zombie 2 newts 26 creatures vanquished. Voluntary challenges: You never hit with a wielded weapon. You read items or engraved 3 times, starting on turn 722. You never genocided any monsters. You never polymorphed an object. You never changed form. You used no wishes. You never split a pudding. You never wrote Elbereth's name. You never violated your personal moral code. Dungeon overview: The Dungeons of Doom: levels 1 to 3 Level 1 a long staircase Level 2 a delicatessen, a sink Level 3 <- You were here a fountain stairs to The Gnomish Mines The Gnomish Mines: Level 4 stairs to The Dungeons of Doom History has recorded: On T:1 you entered the Dungeons of Doom to retrieve the Amulet of Yendor! On T:414 you reached level 2 of The Dungeons of Doom. On T:1203 you reached level 3 of The Dungeons of Doom. On T:1368 you reached level 1 of The Gnomish Mines. Score breakdown: Gold: 448 ( 9022 points) Experience: 1 level ( 0 points) Exploration: 4 levels ( 8.16%) ( 7500 points) Discoveries: 0 items ( 0.00%) ( 0 points) Valuables value: (no points given unless you survive) Artifact value: 0 ( 0 points) Variety of kills: 10 monsters ( 2.62%) ( 4860 points) Turncount: 1447 turns ( 0 points) Survival: died (score multiplied by 80%) Total score: 17105 Latest messages: Never mind. The jackal just misses! You hear some noises. The jackal is killed! $ - 34 gold pieces. The door opens. The hobbit wields a dagger! You miss the hobbit. The hobbit thrusts her dagger. The hobbit hits! You displace Armand. You hear some noises. The grid bug bites! You get zapped! Armand bites the grid bug. The grid bug is killed! Armand misses the grid bug. Armand bites the grid bug. The grid bug is killed! You hear a door open. The hobbit thrusts her dagger. The hobbit hits! You die... Final status: Aloha Zazza the Tourist, killed by a hobbit... You died in The Dungeons of Doom on dungeon level 3 with 17105 points, and 1048 pieces of gold, after 1447 moves. You were level 1 with a maximum of 12 hit points when you died.